 Dungeon Crawl Stone Soup version 0.31-a0-920-g28cbb04a8c (webtiles) character file.

Game seed: 16543896979542345651

103 gelatine the Ruffian (level 4, -1/28 HPs)
             Began as an Octopode Shapeshifter on Oct 18, 2023.
             Slain by a black bear (5 damage)
             ... on level 4 of the Dungeon.
             The game lasted 00:09:49 (3007 turns).

gelatine the Ruffian (Octopode Shapeshifter)        Turns: 3007, Time: 00:09:49

Health: -1/28      AC:  1    Str: 15    XL:     4   Next: 79%
Magic:  14/14      EV: 12    Int: 16    God:
Gold:   232        SH:  3    Dex:  7    Spells: 5/5 levels left

rFire   . . .        h - +5 mace "Ralin" {venom, MP+9 Int+4 Dex-4}
rCold   . . .        u - +0 buckler
rNeg    . . .        (helmet currently unavailable)
rPois   +            (no amulet)
rElec   .            j - ring of poison resistance
rCorr   .            m - +4 ring of slaying
SInv    .            (no ring)
Will    .....        (no ring)
Stlth   +++          (no ring)
HPRegen 0.24/turn    (no ring)
MPRegen 0.14/turn    (no ring)
                     (no ring)

%: no passive effects
@: beast-form, hasted, very quick
A: beast (slay +2), almost no armour, amphibious, 8 rings, camouflage 1,
gelatinous body 1, (nimble swimmer 1), tentacles
a: Begin Untransformation


You were on level 4 of the Dungeon.
You were a hulking beast.
You visited 1 branch of the dungeon, and saw 4 of its levels.

You collected 232 gold pieces.

Inventory:

Hand Weapons
 h - the +5 mace "Ralin" (weapon) {venom, MP+9 Int+4 Dex-4}
   (You took it off a kobold on level 2 of the Dungeon)

   Int+4:     It affects your intelligence (+4).
   Dex-4:     It affects your dexterity (-4).
   MP+9:      It affects your magic capacity (+9).
 s - the +3 spear of Incongruity {flame, rF- Int+5}
   (You found it on level 4 of the Dungeon)

   Int+5:     It affects your intelligence (+5).
   rF-:       It makes you vulnerable to fire.
Armour
 u - a +0 buckler (worn)
Magical Staves
 g - a staff of air
Jewellery
 j - a ring of poison resistance (left tentacle)
 m - a +4 ring of slaying (right tentacle)
Talismans
 b - a beast talisman (active)
 c - a flux talisman
Scrolls
 f - a scroll of teleportation
 l - 2 scrolls of fog
Potions
 a - 4 potions of lignification
 e - 2 potions of heal wounds {unknown}
 o - a potion of attraction
 r - a potion of degeneration {unknown}


   Skills:
 * Level 1.4 Fighting
 + Level 0.9 Maces & Flails
 * Level 2.2 Dodging
 * Level 2.1 Stealth
 + Level 3.7 Unarmed Combat
 + Level 1.0 Spellcasting
 * Level 0.4 Evocations
 * Level 3.5 Shapeshifting


You had 5 spell levels left.
You didn't know any spells.
Your spell library contained the following spells:

 Spells                   Type           Power      Damage    Failure   Level
 Volatile Blastmotes      Fire/Tloc      0%         2d10      67%         3
 Fulminant Prism          Conj/Hex       0%         3d5       97%         4
 Iskenderun's Mystic Bla  Conj/Tloc      0%         2d3       97%         4


Dungeon Overview and Level Annotations

Branches:
Dungeon (4/15)
 Temple: D:4-7

Altars:
Ashenzari
Kikubaaqudgha
The Shining One

Annotations:
D:4 Dowan, Duvessa


Innate Abilities, Weirdness & Mutations

You are a hulking beast.
Your limbs bulge with bestial killing power. (Slay +2)
You cannot wear most types of armour.
You are amphibious.
You can wear up to eight rings at the same time.
Your skin changes colour to match your surroundings (Stealth+).
Your rubbery body absorbs attacks. (AC +1, EV +1)
((You are camouflaged when in or above water. (Stealth+)))
You have tentacles for arms and can constrict up to eight enemies at once.


Message History

As you read the scroll labelled QOINUNI OPRYTY, it dissolves into smoke.
It was a scroll of fog.
As you read the scroll labelled SUJURPHU TAEM, it crumbles to dust.
You feel strangely unstable.
It was a scroll of teleportation.
As you read the scroll labelled DOVE SABLUNIK, it crumbles to dust.
It is a scroll of identify.
k - a potion of haste
As you read the scroll of identify, it crumbles to dust.
o - a potion of attraction Blink to where?
Press: ? - help, Dir - move target
As you read the scroll labelled NAUXUHUURCH, it crumbles to dust.
It was a scroll of blinking.
Your surroundings suddenly seem different.
As you read the scroll labelled QYDUIGGYCH, it crumbles to dust.
Magic quickly surges around you.
It was a scroll of vulnerability.
As you read the scroll labelled DOSUHI KOCYNICK, it crumbles to dust.
You hear a loud clanging noise!
It was a scroll of noise.
As you read the scroll labelled ZEASTE TAUPSUCU, it crumbles to dust.
It is a scroll of enchant weapon.
You aren't carrying any weapons that can be enchanted.
As you read the scroll labelled BICWY OQAI, it crumbles to dust.
A profound silence engulfs you.
It was a scroll of silence.
You feel your willpower return. The black bear bites you!
The black bear claws you. The black bear closely misses you.
You sock the black bear!
The black bear is poisoned.
You grab the black bear.
The black bear is moderately wounded.
You constrict the black bear, but do no damage.
The black bear bites you but does no damage.
The black bear closely misses you. The black bear claws you.
The black bear misses you. The black bear claws you. x2
* * * LOW HITPOINT WARNING * * *
You feel yourself speed up.
Your hearing returns.
You constrict the black bear. The black bear bites you.
* * * LOW HITPOINT WARNING * * *
The black bear closely misses you. The black bear claws you.
You die...

#...+ #............# #.# #.###
#.##########.#######.### #.#
##.####### #.#.......<.. #.#
####........# #............ #.#
#<.....)....# #...#####.... #.#
#.###.#.....# #...# #####
#.###.###.#.....####...# #
#.##...##.#............# #
##....#....#....h####.#.#########
...##...####....h................
##.###(#######..#################
#.............. #####.########.#
#...<......# ############


You could see a black bear (very poisoned).

Vanquished Creatures
  4 adders
  A worm (D:2)
  2 dart slugs
  2 orcs (D:3)
  8 bats
  8 endoplasms
  7 goblins
  5 hobgoblins
  4 kobolds
  3 quokkas
  4 ball pythons (D:1)
  5 frilled lizards
  A rat (D:1)
54 creatures vanquished.

Notes
Turn   | Place    | Note
-------+----------+-------------------------------------------
     0 | D:1      | gelatine the Octopode Shapeshifter began the quest for the
                  | Orb.
     0 | D:1      | Reached XP level 1. HP: 13/13 MP: 1/1
   199 | D:1      | Reached XP level 2. HP: 17/18 MP: 2/2
   416 | D:1      | Reached skill level 1 in Stealth
   515 | D:1      | Reached XP level 3. HP: 22/23 MP: 3/3
   841 | D:2      | Identified the +5 mace "Ralin" {venom, MP+9 Int+4 Dex-4}
  1160 | D:2      | Found a faded altar of an unknown god.
  1160 | D:2      | Noticed an orange demon
  1659 | D:3      | Reached XP level 4. HP: 22/28 MP: 5/5
  1854 | D:3      | Found a broken altar of Ashenzari.
  2221 | D:3      | Found a glowing golden altar of the Shining One.
  2438 | D:4      | Noticed a black bear
  2521 | D:4      | Reached skill level 1 in Spellcasting
  2741 | D:4      | Found an ancient bone altar of Kikubaaqudgha.
  2744 | D:4      | Identified the +3 spear of Incongruity {flame, rF- Int+5}
  2963 | D:4      | Noticed Duvessa
  2963 | D:4      | Noticed Dowan
  3007 | D:4      | Slain by a black bear

Illustrated notes

Levels and vault maps discovered:
D:1:      dpeg_arrival_three_smaller_balls, layout_loops_ring, st_stairs_7,
          minmay_misc_feat_roman
D:2:      layout_basic, dreamdust_ecumenical_altar_sealed_demon,
          kennysheep_generic_room_7
D:3:      layout_loops_corners, nicolae_tso_swordbearing_angel,
          evilmike_ruin_ashenzari
D:4:      layout_loops_ring, grunt_temple_overflow_champion_of_chaos,
          mainiacjoe_overflow_chevrons, uniq_duvessa

Skill      XL: |  1  2  3  4 |
---------------+-------------+-----
Stealth        | 1 2 |  2.1
Spellcasting   | 1 |  1.0
Fighting       | |  1.4
Maces & Flails | |  0.9
Dodging        | |  2.2
Unarmed Combat | |  3.7
Evocations     | |  0.4
Shapeshifting  | |  3.5

Action                     |  1- 3 |  4- 6 || total
---------------------------+-------+-------++-------
  Melee: Unarmed           |    46 |       ||    46
         Constrict         |    18 |     4 ||    22
         Tentacles         |    12 |     2 ||    14
         Mace              |    23 |    22 ||    45
    Use: Scroll            |       |     9 ||     9
         Potion            |       |     1 ||     1
   Stab: Sleeping          |     6 |     4 ||    10
 Armour: Skin              |    32 |    13 ||    45
  Dodge: Dodged            |    41 |    20 ||    61

Table legend: (Time is in decaauts)
 A = Elapsed time spent in this place.
 B = Non-inter-level travel time spent in this place.
 C = Inter-level travel time spent in this place.
 D = Time resting spent in this place.
 E = Time spent auto-exploring this place.
 F = Levels seen in this place.
 G = Mean time per level.
                   A        B        C        D        E       F      G
               +--------+--------+--------+--------+--------+-----+--------+
         Total |   3019 |   2950 |     69 |      0 |   2379 |   4 |  754.8 |
       Dungeon |   3019 |   2950 |     69 |      0 |   2379 |   4 |  754.8 |
               +--------+--------+--------+--------+--------+-----+--------+

Top non-repeatable levels by time:
     D:3: 866 daAuts
     D:2: 795 daAuts
     D:1: 760 daAuts
     D:4: 596 daAuts
